 Dungeon Crawl Stone Soup version 0.29.1-2-gbd0b4ee654 (webtiles) character file.

Game seed: 3803923642547047780

214 Icepheonix32 the Trooper (level 5, -2/48 HPs)
             Began as a Minotaur Fighter on Oct 26, 2022.
             Slain by a kobold
             ... wielding a +2 short sword of distortion
              (17 damage)
             ... on level 3 of the Dungeon.
             The game lasted 00:01:52 (2000 turns).

Icepheonix32 the Trooper (Minotaur Fighter)         Turns: 2000, Time: 00:01:53

Health: -2/48      AC: 10    Str: 21    XL:     5   Next: 60%
Magic:  4/4        EV: 10    Int:  7    God:
Gold:   157        SH:  4    Dex:  9    Spells: 4/4 levels left

rFire   . . .      SeeInvis .   a - +0 war axe
rCold   . . .      Faith    .   c - +0 buckler
rNeg    . . .      Spirit   .   k - +2 ring mail {rPois}
rPois   +          Reflect  .   m - +1 hat
rElec   .          Harm     .   (no cloak)
rCorr   .          Rampage  .   e - +0 pair of gloves
Will    .....                   (no boots)
Stlth   +.........              (no amulet)
HPRegen 0.16/turn               (no ring)
MPRegen 0.09/turn               (no ring)

@: mighty, slowed, very slow
A: horns 2, retaliatory headbutt
a: no special abilities


You were on level 3 of the Dungeon.
You visited 1 branch of the dungeon, and saw 3 of its levels.

You collected 157 gold pieces.

Inventory:

Hand Weapons
 a - a +0 war axe (weapon)
Armour
 c - a +0 buckler (worn)
 e - a +0 pair of gloves (worn)
 k - a +2 ring mail of poison resistance (worn)
 m - a +1 hat (worn)
Scrolls
 h - 5 scrolls of identify {unknown}
 i - a scroll of brand weapon {unknown}
 j - a scroll of noise {unknown}
 l - a scroll of teleportation {unknown}
 o - a scroll of enchant armour {unknown}
 p - a scroll of blinking {unknown}
Potions
 d - a potion of might
 f - 3 potions of curing {unknown}
 g - a potion of ambrosia {unknown}
 n - a potion of degeneration {unknown}
 q - a potion of lignification {unknown}


   Skills:
 * Level 5.2 Fighting
 + Level 4.7 Axes
 + Level 4.3 Armour
 + Level 1.0 Dodging
 + Level 0.6 Stealth
 + Level 4.2 Shields


You had 4 spell levels left.
You didn't know any spells.
Your spell library contained the following spells:

 Spells                   Type           Power      Damage    Failure   Level
 Apportation              Tloc           0%         N/A       67%         1
 Alistair's Intoxication  Tmut/Pois      0%         N/A       100%        5


Dungeon Overview and Level Annotations

Branches:
Dungeon (3/15)

Altars:


Innate Abilities, Weirdness & Mutations

You have a pair of horns on your head.
You reflexively headbutt those who attack you in melee.


Message History

You destroy safid's ghost!
The kobold throws a stone.
The stone barely misses you.
Your Dodging skill increases to level 1!
You have reached level 5!
You aren't carrying any items that you can evoke.
You closely miss the kobold. The kobold hits you but does no damage.
You closely miss the kobold. You closely miss the kobold brigand.
The kobold brigand completely misses you.
You hit the kobold brigand.
The kobold brigand is lightly wounded.
The kobold brigand hits you but does no damage.
You hit the kobold brigand.
The kobold brigand is moderately wounded.
The kobold brigand barely misses you. You furiously retaliate!
You headbutt the kobold brigand! You barely miss the kobold brigand.
The kobold brigand is severely wounded.
The kobold brigand hits you with a +1 whip of chaos.
You feel yourself slow down. The kobold brigand barely misses you.
You closely miss the kobold brigand.
Your headbutt misses the kobold brigand.
The kobold brigand is heavily wounded.
The kobold brigand hits you with a +1 whip of chaos.
The kobold brigand draws strength from your wounds!
You block the kobold brigand's attack.
You closely miss the kobold brigand.
Your headbutt misses the kobold brigand.
The kobold brigand is heavily wounded.
The kobold brigand hits you but does no damage.
You block the kobold brigand's attack.
You slash the kobold brigand!
The kobold brigand is severely wounded.
You block the kobold brigand's attack.
The kobold brigand hits you with a +1 whip of chaos!
You slash the kobold brigand!
You kill the kobold brigand!
The kobold hits you with a +2 short sword of distortion.
Space warps horribly around you!
You die...

....## ## #.# .....#
##$(.## #.#
....#######.....## #.#
....###.##~.#.#.~# #.#
..#.##...#⌠.#.#.⌠#####.#
.##.#....#~.#.#K~#.....#
.##......##...KK##.#####
..........##'KK##..#
.##..........KKK@..#
.##.#........K####.#
.##.##...####.# #.#
....###.## #.# #.# #####
#######.# #.# ##.##.##
#.# ##.#....###.#
########.#..)......#
........#..))..#####


You could see 9 kobolds.

Vanquished Creatures
  The ghost of safid the Shooter, an amateur MiHu (D:3)
  A kobold brigand (D:3)
  5 adders (D:2)
  A worm (D:2)
  A dart slug (D:1)
  9 orcs (D:3)
  6 bats
  4 endoplasms
  5 goblins
  7 hobgoblins
  2 jackals (D:1)
  5 quokkas
  3 ball pythons
  3 frilled lizards
  6 kobolds
  9 rats
68 creatures vanquished.

Vanquished Creatures (others)
  A fungus (D:3)
  3 plants (D:3)
4 creatures vanquished.

Grand Total: 72 creatures vanquished

Notes
Turn   | Place    | Note
-------+----------+-------------------------------------------
     0 | D:1      | Icepheonix32 the Minotaur Fighter began the quest for the
                  | Orb.
     0 | D:1      | Reached XP level 1. HP: 19/19 MP: 0/0
     0 | D:1      | Noticed an ice dragon
     0 | D:1      | Noticed a shadow dragon
     1 | D:1      | Noticed a shadow dragon
     3 | D:1      | Noticed a large abomination
     3 | D:1      | Noticed a large abomination
     5 | D:1      | Noticed an ice dragon
     7 | D:1      | Noticed a shadow dragon
     8 | D:1      | Noticed an ice dragon
     9 | D:1      | Noticed an orb of fire
    17 | D:1      | Noticed an orb of fire
    17 | D:1      | Noticed an iron dragon
    21 | D:1      | Noticed an ice dragon
    21 | D:1      | Noticed a shadow dragon
    21 | D:1      | Noticed an iron dragon
    23 | D:1      | Noticed an ice dragon
    25 | D:1      | Noticed an iron dragon
    25 | D:1      | Noticed a large abomination
   271 | D:1      | Reached XP level 2. HP: 27/27 MP: 1/1
   303 | D:1      | Reached skill level 4 in Fighting
   461 | D:1      | Reached XP level 3. HP: 34/34 MP: 2/2
   841 | D:2      | Identified the +12 sling "Hesien" {vorpal, rCorr Str-5
                  | Int+2 Stlth+}
   979 | D:2      | Reached XP level 4. HP: 41/41 MP: 3/3
  1657 | D:3      | Found a runed translucent gate.
  1657 | D:3      | Found a runed translucent gate.
  1657 | D:3      | Found a runed translucent gate.
  1659 | D:3      | Noticed safid's ghost (amateur MiHu)
  1660 | D:3      | Noticed a kobold brigand
  1785 | D:3      | Reached skill level 5 in Fighting
  1989 | D:3      | Killed safid's ghost
  1990 | D:3      | Reached skill level 1 in Dodging
  1990 | D:3      | Reached XP level 5. HP: 30/48 MP: 4/4
  2000 | D:3      | Slain by a kobold

Illustrated notes

Levels and vault maps discovered:
D:1:      shiori_arrival_whats_in_store_for_you, layout_basic, st_stairs_5
D:2:      layout_basic, minmay_misc_feat_more_columns
D:3:      layout_loops_ring, lemuel_coloured_pillars_altar,
          gammafunk_ghost_nasty_kobolds

Skill      XL: |  1  2  3  4 |
---------------+-------------+-----
Fighting       | 4 5 |  5.2
Shields        | 4 |  4.2
Axes           | 3 4 |  4.7
Armour         | 4 |  4.3
Dodging        | 1 |  1.0
Stealth        | |  0.6

Action                   |  1- 3 |  4- 6 || total
-------------------------+-------+-------++-------
Melee: War axe           |    52 |    86 ||   138
       Headbutt          |     5 |     7 ||    12
  Use: Potion            |       |     2 ||     2
Armor: Scale mail        |    13 |       ||    13
       Ring mail         |    10 |    37 ||    47
Dodge: Dodged            |    25 |    53 ||    78
Block: Buckler           |    11 |    20 ||    31
